 Dungeon Crawl Stone Soup version 0.28-a0-239-g68911e0c57 (webtiles) character file.

Game seed: 11025791732812929068

104 spiderkeys the Charlatan (level 4, -2/37 HPs)
             Began as a Hill Orc Artificer on Aug 23, 2021.
             Slain by a gnoll (7 damage)
             ... on level 3 of the Dungeon.
             The game lasted 00:04:31 (4405 turns).

spiderkeys the Charlatan (Hill Orc Artificer)       Turns: 4405, Time: 00:04:32

Health: -2/37      AC: 11    Str: 15    XL:     4   Next: 80%
Magic:  4/4        EV:  6    Int: 11    God:
Gold:   121        SH:  5    Dex: 11    Spells: 3/3 levels left

rFire   . . .      SeeInvis .   b - +0 war axe
rCold   + . .      Faith    .   (no shield)
rNeg    . . .      Spirit   .   c - +0 chain mail
rPois   .          Reflect  +   n - +0 helmet
rElec   .          Harm     .   (no cloak)
rCorr   .          Rampage  .   (no gloves)
Will    +....                   m - +0 pair of boots
Stlth   ..........              t - amulet of reflection
HPRegen 0.12/turn               a - ring of willpower
MPRegen 0.09/turn               C - ring of protection from cold

@: no status effects
A: no striking features
a: no special abilities


You were on level 3 of the Dungeon.
You visited 1 branch of the dungeon, and saw 3 of its levels.

You collected 121 gold pieces.


   Skills:
 + Level 2.6 Fighting
 * Level 1.6 Axes
 + Level 3.1 Armour
 - Level 0.7 Dodging
 - Level 0.7 Stealth
 + Level 4.1 Evocations


You had 3 spell levels left.
You didn't know any spells.
Your spell library contained the following spells:

 Spells                   Type           Power      Damage    Failure   Level
 Freeze                   Ice            0%         1d3       100%        1
 Sublimation of Blood     Necr           0%         N/A       100%        2
 Wereblood                Tmut           0%         N/A       100%        2
 Dazzling Flash           Conj/Hex       0%         N/A       100%        3
 Frozen Ramparts          Ice            0%         1d2       100%        3
 Ignite Poison            Fire/Tmut/Pois 0%         N/A       100%        3
 Mephitic Cloud           Conj/Pois/Air  0%         N/A       100%        3
 Hailstorm                Conj/Ice       0%         3d3       100%        4
 Ice Form                 Ice/Tmut       0%         N/A       100%        4
 Iskenderun's Mystic Bla  Conj/Tloc      0%         2d3       100%        4
 Summon Ice Beast         Ice/Summ       0%         N/A       100%        4
 Bolt of Magma            Conj/Fire/Erth 0%         4d4       100%        5
 Starburst                Conj/Fire      0%         6d3       100%        6
 Summon Hydra             Summ           0%         N/A       100%        7

Inventory:

Hand Weapons
 b - a +0 war axe (weapon)
   (You took it off an orc on level 3 of the Dungeon)
Missiles
 k - 57 stones
 p - 3 poisoned darts
 s - 12 sling bullets
Armour
 c - a +0 chain mail (worn)
   (You found it on level 3 of the Dungeon)
 m - a +0 pair of boots (worn)
   (You found it on level 2 of the Dungeon)
 n - a +0 helmet (worn)
   (You found it on level 2 of the Dungeon)
Jewellery
 a - a ring of willpower (left hand)
   (You took it off a goblin on level 3 of the Dungeon)
 t - an amulet of reflection (around neck)
   (You found it on level 3 of the Dungeon)
 u - an amulet of magic regeneration
   (You found it on level 3 of the Dungeon)
 C - a ring of protection from cold (right hand)
   (You found it on level 2 of the Dungeon)
Wands
 d - a wand of charming (14)
Scrolls
 f - a scroll of identify {unknown}
 h - 3 scrolls of teleportation {unknown}
 l - a scroll of brand weapon {unknown}
 o - a scroll of noise {unknown}
Potions
 g - 3 potions of heal wounds {unknown}
 i - a potion of ambrosia {unknown}
 j - a potion of degeneration {unknown}
 q - 2 potions of lignification {unknown}
 r - a potion of curing {unknown}
 v - a potion of attraction {unknown}
Miscellaneous
 e - a piece from Xom's chessboard (15/15)

Dungeon Overview and Level Annotations

Branches:
Dungeon (3/15)

Altars:
Trog
Yredelemnul

Annotations:
D:3 1 runed translucent door, Crazy Yiuf

#........# ##.≈≈.≈≈.#
....####.# ##.§...§.# #...#
#.# #..§.8.≈.# ##### #.#
#........# #.# #.#.######
#.#####...## #.........)#
#.#####....# #..@## #..)g)#
#. #.8...8.# ########.#
#.......# ......##.#
#.......#### #
#####.##.####.._..##..####.#
# ###.##.##.##...##.......
###...##.....#####......#
..................###.#.####


You could see a gnoll.


Message History

Your hp is fully restored (37).
Your chain mail prevents you from hitting the kobold.
The kobold hits you but does no damage.
You hit the kobold but do no damage. The kobold hits you but does no damage.
The kobold hits you with a +0 short sword. 😕 HP[-2]
You take 2 damage, and now have 35/37 hp.
You slash the kobold!
You kill the kobold!
You hit the hobgoblin.
You kill the hobgoblin!
You slash the worm! The worm bites you but does no damage.
You completely miss the worm. The worm bites you. 😕 HP[-2]
You take 2 damage, and now have 33/37 hp.
You slash the worm!
You kill the worm!
You slash the dart slug!
You kill the dart slug!
You hit the kobold.
You kill the kobold!
You barely miss the goblin. The goblin barely misses you.
You slash the goblin!
You kill the goblin!
No target in view!
No target in view!
No target in view!
a - a ring of willpower;
k - 57 stones (gained 26)
You now have 94 gold pieces (gained 4).
p - 3 poisoned darts
Items here: ))) ††††. 😎 HP[+4]
Your hp is fully restored (37).
There is an open door here.
s - 12 sling bullets You now have 96 gold pieces (gained 2).
h - 3 scrolls labelled RASURCH ZEPP (gained 1)
You now have 107 gold pieces (gained 11).
You pick up a Trismegistus Codex and begin reading...
You add the spells Ignite Poison, Mephitic Cloud and Bolt of Magma to your library.
You see here a +0 scale mail.
You now have 115 gold pieces (gained 8).
There is an open door here.
Items here: ))) ††††.
There is an open door here.
You now have 121 gold pieces (gained 6).
t - an amulet of reflection
There is an open door here.
Items here: ))) ††††.
There is an open door here.
You open the door.
There is an open door here.
There is a shaft here.
Key pressed, stopping explore.
Found a basalt altar of Yredelemnul.
u - an amulet of magic regeneration
v - a dark potion
Okay, then.
You start putting on your amulet.
You continue putting on your amulet of reflection. x5
You finish putting on your amulet of reflection.
You feel a shielding aura gather around you.
t - an amulet of reflection (around neck)
a - a ring of willpower (left hand)
C - a ring of protection from cold (right hand)
A gnoll and a kobold come into view.
The kobold is wielding a +0 antimagic club.
Found a bloodstained altar of Trog.
A kobold comes into view.
It is wielding a +2 antimagic short sword.
The kobold shouts!
The gnoll completely misses you. The kobold barely misses you.
You closely miss the gnoll. You hit the kobold.
You kill the kobold!
The gnoll hits you with a +0 halberd. 😕 HP[-2]
You take 2 damage, and now have 35/37 hp.
You hit the gnoll but do no damage.
The gnoll hits you with a +0 halberd. x2 😕 HP[-7]
You take 7 damage, and now have 28/37 hp.
You hit the gnoll. You closely miss the kobold.
The kobold hits you but does no damage.
The gnoll hits you with a +0 halberd. 😮 HP[-4]
You take 4 damage, and now have 24/37 hp.
You barely miss the gnoll. You slash the kobold!
You kill the kobold!
The gnoll closely misses you. The gnoll completely misses you.
Your chain mail prevents you from hitting the gnoll.
The gnoll hits you with a +0 halberd. 😮 HP[-3]
You take 3 damage, and now have 21/37 hp.
You hit the gnoll but do no damage. The gnoll hits you but does no damage.
You closely miss the gnoll. The gnoll hits you with a +0 halberd!
* * * LOW HITPOINT WARNING * * *
The gnoll hits you with a +0 halberd.
* * * LOW HITPOINT WARNING * * *
😱 HP[-16]
You take 16 damage, and now have 5/37 hp.
MASSIVE DAMAGE!! (PAUSE)
You slash the gnoll! The gnoll hits you with a +0 halberd!
You die...

Skill      XL: |  1  2  3  4 |
---------------+-------------+-----
Fighting       | 2 |  2.6
Evocations     | 4 |  4.1
Armour         | 3 |  3.1
Axes           | 1 |  1.6
Dodging        | |  0.7
Stealth        | |  0.7

Action                   |  1- 3 |  4- 6 || total
-------------------------+-------+-------++-------
Melee: Club              |   125 |       ||   125
       Hand axe          |     8 |    88 ||    96
       War axe           |       |    41 ||    41
Evoke: Wand              |    13 |     3 ||    16
 Stab: Sleeping          |     1 |       ||     1
Armor: Leather armour    |    56 |    19 ||    75
       Chain mail        |       |    43 ||    43
Dodge: Dodged            |   111 |    82 ||   193

Levels and vault maps discovered:
D:1:      psy_arrival_basics, layout_loops_ring
D:2:      layout_rooms, corner_web_ring, minmay_shallow_snake_nest
D:3:      minmay_razor_zed, layout_loops_ring, trog_antimagical,
          mainiacjoe_overflow_catwalk, nicolae_tso_swordbearing_angel,
          minmay_joined_circles, uniq_crazy_yiuf_cottage

Notes
Turn   | Place    | Note
-------+----------+-------------------------------------------
     0 | D:1      | spiderkeys the Hill Orc Artificer began the quest for the
                  | Orb.
     0 | D:1      | Reached XP level 1. HP: 16/16 MP: 1/1
     0 | D:1      | magus.rc [v1.9.10]
   137 | D:1      | HP: 4/16 [kobold (1)]
   391 | D:1      | HP: 4/16 [quokka (4)]
   699 | D:1      | Reached XP level 2. HP: 19/23 MP: 2/2
  1573 | D:2      | Reached skill level 2 in Fighting
  1573 | D:2      | Reached XP level 3. HP: 23/29 MP: 3/3
  1706 | D:2      | You pick up a book of Rime and begin reading...
  1706 | D:2      | You add the spells Frozen Ramparts, Ice Form and Summon Ice
                  | Beast to your library.
  1945 | D:2      | HP: 4/29 [worm (8)]
  2305 | D:2      | Reached skill level 4 in Evocations
  2408 | D:2      | You pick up a book of Blood and begin reading...
  2408 | D:2      | You add the spells Sublimation of Blood, Wereblood and
                  | Summon Hydra to your library.
  2421 | D:2      | Reached XP level 4. HP: 30/37 MP: 4/4
  2604 | D:2      | Reached skill level 3 in Armour
  2929 | D:3      | You pick up a book of Spectacle and begin reading...
  2929 | D:3      | You add the spells Dazzling Flash, Iskenderun's Mystic
                  | Blast and Starburst to your library.
  3141 | D:3      | Found a runed translucent door.
  3142 | D:3      | Noticed Crazy Yiuf
  3230 | D:3      | You pick up a book of Frost and begin reading...
  3230 | D:3      | You add the spells Freeze and Hailstorm to your library.
  3334 | D:3      | HP: 9/37 [orc (3)]
  3365 | D:2      | Reached skill level 1 in Axes
  3802 | D:3      | HP: 4/37 [orc (7)]
  4310 | D:3      | You add the spells Ignite Poison, Mephitic Cloud and Bolt
                  | of Magma to your library.
  4366 | D:3      | Found a basalt altar of Yredelemnul.
  4395 | D:3      | Found a bloodstained altar of Trog.
  4404 | D:3      | HP: 5/37 [gnoll (5)]
  4405 | D:3      | Slain by a gnoll

Vanquished Creatures
  2 adders (D:2)
  2 worms
  2 dart slugs
  6 orcs
  8 ball pythons
  4 endoplasms
  3 giant cockroaches
  4 goblins
  4 hobgoblins
  6 quokkas
  5 bats
  2 frilled lizards
  10 kobolds
  4 rats
62 creatures vanquished.

Vanquished Creatures (others)
  A fungus (D:2)
1 creature vanquished.

Grand Total: 63 creatures vanquished

Table legend:
 A = Non-vault XP
 B = Vault XP
 C = Vault XP percentage of total XP
 D = Non-vault monster count
 E = Vault monster count
 F = Vault count percentage of total count
                 A         B        C        D         E       F
            +---------+---------+-------+---------+---------+-------
      Total |     103 |      46 |  30.9 |      45 |      17 |  27.4
            +---------+---------+-------+---------+---------+-------
        D:1 |      24 |       0 |   0.0 |      14 |       0 |   0.0
        D:2 |      63 |      18 |  22.2 |      24 |       3 |  11.1
        D:3 |      16 |      28 |  63.6 |       7 |      14 |  66.7
            +---------+---------+-------+---------+---------+-------

Illustrated notes

Table legend:
 A = Kills in this place as a percentage of kills in entire the game.
 B = Kills by you in this place as a percentage of kills by you in the entire game.
 C = Kills by friends in this place as a percentage of kills by friends in the entire game.
 D = Other kills in this place as a percentage of other kills in the entire game.
 E = Experience gained in this place as a percentage of experience gained in the entire game.
 F = Experience gained in this place divided by the number of levels of this place that you have seen.
                   A       B       C       D       E      F
               +-------+-------+-------+-------+-------+----------------------
         Total | 100.0 | 100.0 |   N/A |   N/A | 100.0 |  49.7
       Dungeon | 100.0 | 100.0 |   N/A |   N/A | 100.0 |  49.7
               +-------+-------+-------+-------+-------+----------------------

Table legend: (Time is in decaauts)
 A = Elapsed time spent in this place.
 B = Non-inter-level travel time spent in this place.
 C = Inter-level travel time spent in this place.
 D = Time resting spent in this place.
 E = Time spent auto-exploring this place.
 F = Levels seen in this place.
 G = Mean time per level.
                   A        B        C        D        E       F      G
               +--------+--------+--------+--------+--------+-----+--------+
         Total |   4487 |   4373 |    114 |    838 |   2811 |   3 | 1495.7 |
       Dungeon |   4487 |   4373 |    114 |    838 |   2811 |   3 | 1495.7 |
               +--------+--------+--------+--------+--------+-----+--------+

Top non-repeatable levels by time:
     D:2: 2054 daAuts
     D:1: 1531 daAuts
     D:3: 901 daAuts
